 Dungeon Crawl Stone Soup version 0.31-a0-435-g2c6fae2916 (webtiles) character file.

Game seed: 7399066820606054690

170 Ethylacetat the Insei (level 5, 0/35 HPs)
             Began as an Octopode Shapeshifter on Aug 1, 2023.
             Slain by a kobold
             ... wielding a +0 short sword
              (4 damage)
             ... on level 4 of the Dungeon.
             The game lasted 00:04:29 (2508 turns).

Ethylacetat the Insei (Octopode Shapeshifter)       Turns: 2508, Time: 00:04:34

Health: 0/35       AC:  1    Str: 13 (14) XL:     5   Next: 51%
Magic:  5/5        EV: 13    Int:  9 (10) God:
Gold:   267        SH:  0    Dex: 12 (15) Spells: 4/4 levels left

rFire   . .          .
                       - Unarmed
rCold   . . .        (no shield)
rNeg    . . .        (helmet currently unavailable)
rPois   .            (no amulet)
rElec   .            k - ring of see invisible
rCorr   .            (no ring)
SInv    +            (no ring)
Will    .....        (no ring)
Stlth   ++           (no ring)
HPRegen 0.25/turn    (no ring)
MPRegen 0.09/turn    (no ring)
                     (no ring)

%: no passive effects
@: beast-form, invisible
A: beast (slay +2), almost no armour, amphibious, 8 rings, camouflage 1,
gelatinous body 1, (nimble swimmer 1), tentacles
a: Begin Untransformation


You were on level 4 of the Dungeon.
You were a hulking beast.
You visited 1 branch of the dungeon, and saw 4 of its levels.

You collected 267 gold pieces.

Inventory:

Jewellery
 k - a ring of see invisible (left tentacle)
Talismans
 b - a beast talisman (active)
Scrolls
 a - a scroll of enchant weapon {unknown}
 c - 4 scrolls of teleportation {unknown}
 d - 5 scrolls of identify {unknown}
 e - 2 scrolls of blinking {unknown}
 g - a scroll of poison {unknown}
 j - a scroll of revelation {unknown}
 l - 2 scrolls of acquirement {unknown}
 p - a scroll of fear {unknown}
Potions
 f - a potion of attraction {unknown}
 h - a potion of mutation {unknown}
 i - a potion of heal wounds
 m - 3 potions of curing {unknown}


   Skills:
 + Level 2.5 Fighting
 - Level 2.4 Dodging
 + Level 4.0 Unarmed Combat
 * Level 4.0 Shapeshifting


You had 4 spell levels left.
You didn't know any spells.
Your spell library contained the following spells:

 Spells                   Type           Power      Damage    Failure   Level
 Ozocubu's Armour         Ice            0%         N/A       77%         3
 Summon Guardian Golem    Hex/Summ       0%         N/A       77%         3
 Manifold Assault         Tloc           0%         N/A       99%         4
 Metabolic Englaciation   Hex/Ice        0%         N/A       100%        5
 Dispersal                Tloc           0%         N/A       100%        6
 Simulacrum               Ice/Necr       0%         N/A       100%        6
 Orb of Destruction       Conj           0%         9d5       100%        7
 Spellforged Servitor     Conj/Summ      0%         N/A       100%        7
 Disjunction              Tloc           0%         N/A       100%        8


Dungeon Overview and Level Annotations

Branches:
Dungeon (4/15)
 Temple: D:4-7

Altars:
Cheibriados
Nemelex Xobeh

Annotations:
D:3 3 runed translucent doors, Ethylacetat's ghost, amateur OpSh


Innate Abilities, Weirdness & Mutations

You are a hulking beast.
Your limbs bulge with bestial killing power. (Slay +2)
You cannot wear most types of armour.
You are amphibious.
You can wear up to eight rings at the same time.
Your skin changes colour to match your surroundings (Stealth+).
Your rubbery body absorbs attacks. (AC +1, EV +1)
((You are camouflaged when in or above water. (Stealth+)))
You have tentacles for arms and can constrict up to eight enemies at once.


Message History

You hear a shout!
You hear an angry hiss.
You hear a shout! x3
It was a potion of heal wounds.
You feel much better.
You constrict the howler monkey. The adder bites you.
The howler monkey barely misses you. The orc hits you with a +0 club.
Okay, then.
It was a potion of degeneration.
There was something very wrong with that liquid.
You feel weakened.
You feel dopey.
You feel clumsy.
You constrict the howler monkey. The adder bites you.
The howler monkey hoots and howls with incredible vigour!
The orc closely misses you.
You hear an angry hiss.
It was a potion of invisibility.
You fade into invisibility!
You constrict the howler monkey.
You kill the howler monkey!
The adder barely misses you. The adder closely misses you.
The jelly closely misses you. The orc misses you.
You feel your strength returning.
Your Unarmed Combat skill increases to level 4!
Your Shapeshifting skill increases to level 4!
A kobold comes into view.
It is wielding a +0 short sword and quivering poisoned darts.
A hobgoblin comes into view.
You tentacle-slap the jelly.
Your tentacles burn!
The jelly is lightly wounded.
You tentacle-slap the jelly.
Your tentacles burn!
The jelly is moderately wounded.
The jelly hits you.
You are splashed with acid!
You tentacle-slap the jelly.
Your tentacles burn!
* * * LOW HITPOINT WARNING * * *
You squeeze the jelly.
The jelly is severely wounded.
The jelly closely misses you. The kobold closely misses you.
You tentacle-slap the jelly.
Your tentacles burn!
* * * LOW HITPOINT WARNING * * *
You squeeze the jelly.
You kill the jelly!
A ball python comes into view.
The kobold hits you with a +0 short sword.
You die...

.# .. .# ##.# .. .# ##..#
.... .# #...#
.....##########.#######..#
.........................##
#.#.#.#.#.#.#.#####.##....
.........K)...)....###.##
#.#.#.#.#h#.#.#.##### #.#
.......ogg.....## #.#
.#.#.#)#.#r#.#.## #.#
.......)........# #.#
.#.#.#)#!#.#.#.## ..#


Sg........... .## #.#.#.#<#.#.#.# . ................ #.# #.#.#.#.#.#. You could
see an orc (wandering, unable to see you), a quokka (unable to see you), a
hobgoblin (wandering, unable to see you), 2 goblins, a ball python (wandering,
unable to see you) and a kobold (unable to see you).

Vanquished Creatures
  A howler monkey (D:4)
  A jelly (D:4)
  4 adders
  2 dart slugs (D:1)
  9 orcs
  6 ball pythons
  5 endoplasms
  10 giant cockroaches
  5 hobgoblins
  3 jackals
  2 quokkas
  6 bats
  A frilled lizard (D:3)
  13 goblins
  5 kobolds
  2 rats
75 creatures vanquished.

Notes
Turn   | Place    | Note
-------+----------+-------------------------------------------
     0 | D:1      | Ethylacetat the Octopode Shapeshifter began the quest for
                  | the Orb.
     0 | D:1      | Reached XP level 1. HP: 13/13 MP: 1/1
   197 | D:1      | Reached XP level 2. HP: 18/18 MP: 2/2
   421 | D:1      | Reached XP level 3. HP: 18/23 MP: 3/3
   870 | D:2      | Found a sparkling altar of Nemelex Xobeh.
  1053 | D:2      | Reached XP level 4. HP: 19/29 MP: 4/4
  1594 | D:3      | Noticed Ethylacetat's ghost (amateur OpSh)
  1595 | D:3      | Found a runed translucent gate.
  1595 | D:3      | Found a runed translucent gate.
  1595 | D:3      | Found a runed translucent gate.
  1868 | D:3      | Found a snail-covered altar of Cheibriados.
  2019 | D:3      | Reached XP level 5. HP: 33/34 MP: 5/5
  2411 | D:3      | Noticed a kobold brigand
  2508 | D:4      | Slain by a kobold

Illustrated notes

Levels and vault maps discovered:
D:1:      dpeg_arrival_oval, layout_basic, minmay_stone_trees_small,
          chequers_serial_rivers_micro_b
D:2:      minmay_roachtagon, layout_loops_cross, basic_altar,
          dreamdust_wishing_well
D:3:      kennysheep_the_goblin_king, layout_loops_ring, amcnicky_altar_gilded,
          gammafunk_ghost_nasty_kobolds, corexii_hall_statues_u,
          serial_bayou_pond_b
D:4:      layout_rooms, st_stairs_11, grunt_decor_arrowhead,
          kennysheep_generic_room_14

Skill      XL: |  1  2  3  4  5 |
---------------+----------------+-----
Fighting       | 2 |  2.5
Unarmed Combat | 4 |  4.0
Shapeshifting  | 4 |  4.0
Dodging        | |  2.4

Action                     |  1- 3 |  4- 6 || total
---------------------------+-------+-------++-------
  Melee: Unarmed           |    69 |    64 ||   133
         Constrict         |    20 |    19 ||    39
         Tentacles         |    12 |    13 ||    25
         Punch             |     1 |     3 ||     4
    Use: Potion            |       |     4 ||     4
   Stab: Sleeping          |     9 |     4 ||    13
 Armour: Skin              |     5 |    14 ||    19
  Dodge: Dodged            |    43 |    53 ||    96

Table legend: (Time is in decaauts)
 A = Elapsed time spent in this place.
 B = Non-inter-level travel time spent in this place.
 C = Inter-level travel time spent in this place.
 D = Time resting spent in this place.
 E = Time spent auto-exploring this place.
 F = Levels seen in this place.
 G = Mean time per level.
                   A        B        C        D        E       F      G
               +--------+--------+--------+--------+--------+-----+--------+
         Total |   2498 |   2408 |     90 |    110 |   1886 |   4 |  624.5 |
       Dungeon |   2498 |   2408 |     90 |    110 |   1886 |   4 |  624.5 |
               +--------+--------+--------+--------+--------+-----+--------+

Top non-repeatable levels by time:
     D:3: 846 daAuts
     D:1: 824 daAuts
     D:2: 762 daAuts
     D:4: 65 daAuts
